 Dungeon Crawl Stone Soup version 0.25-a0-62-g88673ef095 (webtiles) character file.

Game seed: 6286558062859421296, levelgen mode: deterministic

4717 sunnyncool the Slicer (level 10, 0/69 HPs)
             Began as a Halfling Berserker on Oct 29, 2019.
             Was an Elder of Trog.
             Killed by divine providence
             ... invoked by an orc priest
              (14 damage)
             ... on level 8 of the Dungeon.
             The game lasted 00:22:59 (8552 turns).

sunnyncool the Slicer (Halfling Berserker)          Turns: 8552, Time: 00:23:00

Health: 0/69       AC: 11    Str: 18    XL:     10   Next: 73%
Magic:  10/10      EV: 18    Int:  5    God:    Trog [****..]
Gold:   248        SH:  7    Dex: 18    Spells: 9/9 levels left

rFire    + . .     SeeInvis .   a - +2 dagger (venom)
rCold    . . .     Gourm    .   I - +0 buckler
rNeg     . . .     Faith    .   M - +0 ring mail
rPois    +         Spirit   .   (no helmet)
rElec    .         Reflect  .   N - +2 cloak
rCorr    .         Harm     .   (no gloves)
MR       .....                  m - +0 pair of boots
Stlth    +++.......             (no amulet)
HPRegen  0.21/turn              K - ring of poison resistance
MPRegen  0.12/turn              C - ring of protection from fire

@: marked, berserk cooldown
A: small, mutation resistance 1
a: Berserk, Trog's Hand, Brothers in Arms, Renounce Religion


You were on level 8 of the Dungeon.
You worshipped Trog.
Trog was greatly pleased with you.
You were not hungry.

You visited 1 branch of the dungeon, and saw 9 of its levels.

You collected 379 gold pieces.
You spent 131 gold pieces at shops.

Inventory:

Hand Weapons
 a - a +2 dagger of venom (weapon)
 b - a +0 hunting sling
 f - a +0 short sword
 j - a +0 short sword
 s - a +4 falchion of holy wrath
 y - the +2 mace "Ryto" {speed, *Contam +Fly rF+ Int+2 Dex+3}
   (You found it on level 5 of the Dungeon)

   Attacks with this weapon are significantly faster.
   It affects your intelligence (+2).
   It affects your dexterity (+3).
   It protects you from fire.
   It lets you fly.
   It causes magical contamination when unequipped.
 z - a +2 quarterstaff of chaos
 A - a +1 scimitar of flaming
Missiles
 d - 39 poisoned darts (quivered)
 g - 191 stones
 i - 113 arrows
 q - 11 boomerangs
 u - 2 throwing nets
 J - 63 sling bullets
Armour
 m - a +0 pair of boots (worn)
 I - a +0 buckler (worn)
 M - a +0 ring mail (worn)
 N - a +2 cloak (worn)
Jewellery
 C - a ring of protection from fire (right hand)
 H - an uncursed ring of resist corrosion
 K - a ring of poison resistance (left hand)
Wands
 x - a wand of iceblast (5)
 B - a wand of random effects (26)
Scrolls
 e - 2 scrolls of identify
 k - 2 scrolls of teleportation
 l - a scroll of noise
 n - 2 scrolls of enchant armour
 o - 4 scrolls of remove curse
 r - a scroll of fog
 v - 3 scrolls of immolation
 w - 2 scrolls of blinking
 F - a scroll of magic mapping
 G - a scroll of enchant weapon
 L - a scroll of brand weapon {unknown}
 O - a scroll of fear
Potions
 h - 3 potions of flight
 p - a potion of heal wounds
 t - a potion of brilliance
 D - a potion of ambrosia {unknown}
 E - a potion of might
Comestibles
 c - 9 rations


   Skills:
 + Level 6.4 Fighting
 - Level 9.0 Short Blades
 + Level 7.0 Armour
 + Level 6.9 Dodging
 + Level 7.5 Stealth
 - Level 5.2 Shields


You had 9 spell levels left.
You didn't know any spells.
Your spell library contained the following spells:

 Spells                   Type           Power        Failure   Level  Hunger
 Beastly Appendage        Tmut           #.....       65%         1    ##.....
 Song of Slaying          Chrm           #.......     80%         2    ###....
 Sticks to Snakes         Tmut           #.......     80%         2    ###....
 Spider Form              Tmut/Pois      #.........   95%         3    ####...
 Ice Form                 Ice/Tmut       #.......     100%        4    #####..
 Blade Hands              Tmut           #.........   100%        5    ######.
 Excruciating Wounds      Chrm/Necr      #.........   100%        5    ######.
 Malign Gateway           Summ/Tloc      #.........   100%        7    #######


Dungeon Overview and Level Annotations

Branches:
Dungeon (9/15)             Temple (0/1) D:6            Lair (0/6) D:9
    Orc: D:9-12

Altars:
Ashenzari
Cheibriados
Dithmenos
Elyvilon
Hepliaklqana
Kikubaaqudgha
Okawaru
Ru
Trog
Vehumet
Wu Jian
Xom

Shops:
D:8 ?


Innate Abilities, Weirdness & Mutations

You are small and have problems with some larger weapons.
You are somewhat resistant to further mutation.


Message History

The shadow imp completely misses you. You block the orc priest's attack.
You hit the orc priest but do no damage.
The orc priest looks as sick as possible!
The orc priest is severely wounded.
You feel yourself speed up. The shadow imp gestures at you.
Pain shoots through your body!
* * * LOW HITPOINT WARNING * * *
The orc priest begins to cast a cantrip, but forgets the words!
You hit the orc priest but do no damage.
The orc priest looks as sick as possible!
The orc priest is severely wounded.
You hit the orc priest.
The orc priest looks as sick as possible!
The orc priest is almost dead.
The shadow imp hits you.
* * * LOW HITPOINT WARNING * * *
The orc priest mumbles some strange prayers to Beogh against you.
Beogh smites you!
You die...

# #########.....## ##.#.# # #
##.....## ##.#.### #
##.......####.......
#####..........##.....##
#............#.##.......
#.#####...........#...## #.#
#.....##.#####.## #.# #.5....#.#
#.#
#########<#####@o.###..#####.#
#.................# #........#
##.#######.#######.###..#######
...........# ###...#.#
##.######..######....##.#########
##.# #........................
...# ##..###......##.#########
.### #####..# #########<# .#
##......# #.#


You could see an orc priest and a shadow imp.

Vanquished Creatures
  Erica (D:9)
  Harold (D:9)
  Joseph (D:7)
  A hippogriff (D:7)
  A wyvern (D:8)
  Eustachio (D:5)
  A yak (D:8)
  Edmund (D:6)
  2 orc warriors
  An ice beast (D:8)
  5 ogres
  A black bear (D:8)
  A phantom (D:9)
  3 centaurs
  A crocodile (D:8)
  A bullfrog (D:5)
  A scorpion (D:4)
  3 crimson imps (D:8)
  2 bullfrog zombies
  A jelly (D:8)
  A quasit (D:5)
  2 orc priests (D:6)
  A bullfrog skeleton (D:5)
  A centaur skeleton (D:6)
  A hound (D:4)
  6 orc wizards
  Crazy Yiuf (D:5)
  4 worker ants
  A mummy (D:6)
  7 gnolls (D:4)
  14 adders
  2 shadow imps
  An ooze (D:4)
  2 adder zombies
  8 worms
  3 dart slugs
  4 leopard geckos
  23 orcs
  5 bats
  9 giant cockroaches
  9 goblins
  8 hobgoblins
  6 jackals
  11 kobolds
  3 quokkas
  4 frilled lizards
  A jackal zombie (D:8)
  7 rats
175 creatures vanquished.

Vanquished Creatures (others)
  A shadow imp (D:6)
  A quokka (D:8)
2 creatures vanquished.

Grand Total: 177 creatures vanquished

Notes
Turn   | Place    | Note
-------+----------+-------------------------------------------
     0 | D:1      | sunnyncool the Halfling Berserker began the quest for the
                  | Orb.
     0 | D:1      | Reached XP level 1. HP: 15/15 MP: 1/1
    20 | D:1      | Reached skill level 4 in Short Blades
    47 | D:1      | Reached XP level 2. HP: 19/20 MP: 2/2
   576 | D:1      | Reached XP level 3. HP: 24/25 MP: 3/3
   632 | D:1      | Reached skill level 5 in Short Blades
   910 | D:2      | Reached ** piety under Trog
  1085 | D:2      | Found a shimmering altar of Xom.
  1086 | D:2      | Found a hazy altar of Hepliaklqana.
  1087 | D:2      | Noticed a spectral ugly thing
  1129 | D:2      | Reached XP level 4. HP: 18/30 MP: 4/4
  1229 | D:2      | Found a faded altar of an unknown god.
  1598 | D:2      | Reached skill level 6 in Short Blades
  2073 | D:3      | Found an iron altar of Okawaru.
  2174 | D:3      | Reached XP level 5. HP: 35/35 MP: 5/5
  2775 | D:3      | Reached skill level 7 in Short Blades
  3057 | D:4      | Reached *** piety under Trog
  3077 | D:4      | Reached XP level 6. HP: 17/41 MP: 6/6
  3304 | D:4      | Reached skill level 8 in Short Blades
  3472 | D:4      | Noticed an ogre
  3479 | D:4      | Killed an ogre
  3479 | D:4      | Reached skill level 9 in Short Blades
  3479 | D:4      | Reached XP level 7. HP: 34/45 MP: 7/7
  3696 | D:5      | Entered Level 5 of the Dungeon
  3713 | D:5      | Noticed Eustachio
  3741 | D:5      | Killed Eustachio
  3741 | D:5      | Reached skill level 1 in Stealth
  3956 | D:5      | Reached XP level 8. HP: 49/52 MP: 8/8
  4035 | D:5      | Found a runed translucent door.
  4036 | D:5      | Noticed Crazy Yiuf
  4042 | D:5      | Killed Crazy Yiuf
  4047 | D:5      | Got a fine mace
  4078 | D:5      | Identified the +2 mace "Ryto" {speed, *Contam +Fly rF+
                  | Int+2 Dex+3} (You found it on level 5 of the Dungeon)
  4121 | D:5      | Noticed a moth of wrath
  4124 | D:5      | Found a bloodstained altar of Trog.
  4333 | D:5      | Identified the Volume of the Assistive Entourage
  4705 | D:6      | Found a staircase to the Ecumenical Temple.
  4705 | D:6      | Found a radiant altar of Vehumet.
  4912 | D:6      | Noticed Edmund
  4928 | D:6      | Killed Edmund
  4934 | D:6      | Reached **** piety under Trog
  4965 | D:6      | Found a sacrificial altar of Ru.
  5207 | D:6      | Found a snail-covered altar of Cheibriados.
  5300 | D:6      | Reached XP level 9. HP: 33/59 MP: 9/9
  5358 | D:6      | Found an ancient bone altar of Kikubaaqudgha.
  5522 | D:6      | Reached skill level 5 in Armour
  5666 | D:6      | Reached skill level 5 in Dodging
  5953 | D:7      | Found a shattered altar of Ashenzari.
  6212 | D:7      | Noticed Joseph
  6213 | D:7      | Noticed a hippogriff
  6239 | D:7      | Killed Joseph
  6239 | D:7      | Reached skill level 5 in Fighting
  6239 | D:7      | Reached skill level 5 in Stealth
  6244 | D:7      | Killed a hippogriff
  7007 | D:8      | Reached skill level 5 in Shields
  7039 | D:8      | Found a white marble altar of Elyvilon.
  7301 | D:8      | Reached XP level 10. HP: 34/66 MP: 10/10
  7630 | D:8      | Found Genaant's Magic Scroll Shoppe.
  7685 | D:8      | Bought a scroll of noise for 11 gold pieces
  7686 | D:8      | Bought a scroll of blinking for 82 gold pieces
  7686 | D:8      | Bought a scroll of fear for 38 gold pieces
  7914 | D:9      | Found a staircase to the Lair.
  8035 | D:9      | Found an ornate altar of the Wu Jian Council.
  8100 | D:9      | Noticed Erica
  8117 | D:9      | Killed Erica
  8150 | D:9      | Noticed a two-headed ogre
  8306 | D:9      | Found a shadowy altar of Dithmenos.
  8511 | D:9      | Noticed Harold
  8527 | D:9      | Killed Harold
  8552 | D:8      | Killed from afar by an orc priest

Levels and vault maps discovered:
D:1:      giann_bridges, layout_rooms, serial_forest,
          infiniplex_forest_zigzag_2, infiniplex_forest_fountain,
          infiniplex_forest_clump_tiny, infiniplex_forest_corner_1,
          infiniplex_forest_end_3, supply_closet_lemuel
D:2:      layout_basic, regret_index_temple_of_mockery,
          chequers_ecumenical_altar_simple
D:3:      layout_loops_ring, marbit_many_paths, nicolae_overflow_hidden_temple
D:4:      layout_rooms
D:5:      layout_basic, first_ration, tgw_trog, uniq_eustachio,
          uniq_crazy_yiuf_cottage
D:6:      layout_loops_ring, slow_altar_1, fiery_altar_vehumet,
          kennysheep_mini_moat, kiku_gazebo_garden_becter,
          minmay_temple_entry_proselytizer, uniq_edmund
D:7:      layout_basic, nicolae_overflow_crystal_walls, uniq_joseph
D:8:      layout_loops_ring, elyvilon_altar_4, serial_shops,
          nicolae_shop_statue_plus
D:9:      layout_loops_cross, eat_drink_and_be_merry_uskayaw,
          nicolae_dithmenos_shadow_blocks, kennysheep_little_box,
          lair_entry_dummy, uniq_erica, uniq_harold

Skill      XL: |  1  2  3  4  5  6  7  8  9 10 |
---------------+-------------------------------+-----
Short Blades   | 4 5 6 7 9 |  9.0
Fighting       | 3 4 5 6 |  6.4
Stealth        | 2 4 6 7 |  7.5
Armour         | 3 4 5 7 |  7.0
Dodging        | 3 4 5 6 |  6.9
Shields        | 5 |  5.2

Action                   |  1- 3 |  4- 6 |  7- 9 | 10-12 || total
-------------------------+-------+-------+-------+-------++-------
Melee: Short sword       |   136 |   117 |       |       ||   253
       Dagger            |       |    60 |   404 |    98 ||   562
       Falchion          |       |       |    11 |    19 ||    30
Throw: Dart              |     2 |    17 |       |       ||    19
Invok: Berserk           |     4 |     4 |     6 |     2 ||    16
       Trog's Hand       |       |       |     1 |     1 ||     2
Evoke: Wand              |       |       |       |     7 ||     7
  Use: Potion            |       |     1 |     3 |       ||     4
       Scroll            |       |       |    14 |     1 ||    15
 Stab: Sleeping          |     1 |     3 |     4 |     1 ||     9
       Distracted        |       |     1 |       |       ||     1
  Eat: Chunk             |     3 |     9 |    13 |       ||    25
       Ration            |       |     1 |     2 |     2 ||     5
Armor: Animal skin       |    29 |    17 |     1 |       ||    47
       Leather armour    |       |       |    21 |       ||    21
       Ring mail         |       |       |    18 |    12 ||    30
Dodge: Dodged            |   111 |   109 |   180 |    56 ||   456
Block: Buckler           |       |       |    26 |    27 ||    53
       Rpst.: Falchion   |       |       |     3 |     4 ||     7

Table legend:
 A = Non-vault XP
 B = Vault XP
 C = Vault XP percentage of total XP
 D = Non-vault monster count
 E = Vault monster count
 F = Vault count percentage of total count
                 A         B        C        D         E       F
            +---------+---------+-------+---------+---------+-------
      Total |    3928 |    2811 |  41.7 |     161 |      14 |   8.0
            +---------+---------+-------+---------+---------+-------
        D:1 |      35 |       0 |   0.0 |      18 |       0 |   0.0
        D:2 |      77 |       0 |   0.0 |      21 |       0 |   0.0
        D:3 |     101 |       1 |   1.0 |      28 |       1 |   3.4
        D:4 |     402 |       0 |   0.0 |      18 |       0 |   0.0
        D:5 |     463 |     252 |  35.2 |      15 |       7 |  31.8
        D:6 |     648 |     225 |  25.8 |      18 |       3 |  14.3
        D:7 |     322 |     450 |  58.3 |       9 |       1 |  10.0
        D:8 |    1360 |       0 |   0.0 |      20 |       0 |   0.0
        D:9 |     520 |    1883 |  78.4 |      14 |       2 |  12.5
            +---------+---------+-------+---------+---------+-------
